 Dungeon Crawl Stone Soup version 0.31-a0-963-ga325b2283a (webtiles) character file.

Game seed: 7328075303278505497

632 gelatine the Chopper (level 7, -12/52 HPs)
             Began as a Demonspawn Gladiator on Oct 26, 2023.
             Mangled by Menkaure (18 damage)
             ... in an ossuary.
             The game lasted 00:09:09 (3505 turns).

gelatine the Chopper (Demonspawn Gladiator)         Turns: 3505, Time: 00:09:10

Health: -12/52     AC:  9    Str: 16    XL:     7   Next: 24%
Magic:  8/8        EV: 12    Int: 10    God:
Gold:   232        SH:  0    Dex: 14    Spells: 8/8 levels left

rFire   . . .        a - +0 war axe
rCold   . . .        (no shield)
rNeg    . . .        p - +0 ring mail
rPois   .            (helmet restricted)
rElec   .            (no cloak)
rCorr   .            F - +0 pair of gloves
SInv    +            n - +0 pair of boots
Will    .....        v - amulet of regeneration
Stlth   +            E - ring of see invisible
HPRegen 1.08/turn    (no ring)
MPRegen 0.11/turn

%: no passive effects
@: no status effects
A: horns 1, thin metallic scales 1, demonic magic 1
a: no special abilities


You were in an ossuary.
You visited 2 branches of the dungeon, and saw 6 of its levels.
You also visited: Ossuary.

You collected 232 gold pieces.

Inventory:

Hand Weapons
 a - a +0 war axe (weapon)
 y - the +0 dagger "Nuemmugh" {flame, rN+ Int+6 Dex-4 Stlth+}
   (You found it on level 2 of the Dungeon)

   Int+6:     It affects your intelligence (+6).
   Dex-4:     It affects your dexterity (-4).
   rN+:       It protects you from negative energy.
   Stlth+:    It makes you more stealthy.
Missiles
 d - 3 throwing nets
 g - 5 javelins
 o - 29 stones (quivered)
 H - 6 poisoned darts
Armour
 b - a +0 leather armour
 c - a +0 helmet
 n - a +0 pair of boots (worn)
 p - a +0 ring mail (worn)
 F - a +0 pair of gloves (worn)
Jewellery
 v - an amulet of regeneration (around neck)
 E - a ring of see invisible (left hand)
Talismans
 B - a talisman of death
 I - a beast talisman
Wands
 e - a wand of flame (19)
Scrolls
 f - 2 scrolls of revelation {unknown}
 h - 3 scrolls of fog {unknown}
 i - 3 scrolls of blinking {unknown}
 j - 5 scrolls of identify {unknown}
 l - 2 scrolls of poison {unknown}
 q - a scroll of amnesia {unknown}
 r - 2 scrolls of enchant weapon {unknown}
 s - a scroll of immolation {unknown}
 u - 3 scrolls of butterflies {unknown}
 w - a scroll of vulnerability {unknown}
Potions
 k - 2 potions of resistance {unknown}
 m - a potion of invisibility {unknown}
 t - a potion of berserk rage {unknown}
 x - 3 potions of degeneration {unknown}
 z - a potion of enlightenment {unknown}
 A - a potion of curing {unknown}
 C - a potion of haste {unknown}
 D - 2 potions of mutation {unknown}
 G - a potion of cancellation {unknown}
 J - a potion of heal wounds


   Skills:
 * Level 3.1 Fighting
 * Level 5.6 Axes
 + Level 2.4 Throwing
 * Level 2.4 Armour
 * Level 3.5 Dodging
 * Level 1.7 Stealth
 * Level 1.2 Spellcasting


You had 8 spell levels left.
You didn't know any spells.
Your spell library was empty.

Dungeon Overview and Level Annotations

Branches:
Dungeon (5/15)             Temple (1/1) D:4         Ossuary (1/1)

Altars:
Ashenzari
Cheibriados
Dithmenos
Fedhas
Gozag
Kikubaaqudgha
Nemelex Xobeh
Okawaru
Qazlal
Ru
Sif Muna
Trog
Uskayaw
Vehumet
Wu Jian
Xom
Yredelemnul

Annotations:
Ossuary Menkaure


Innate Abilities, Weirdness & Mutations

You have a pair of small horns on your head.
You are partially covered in thin metallic scales. (AC +2)
Spells you cast may paralyse adjacent enemies.


Message History

The mummy hits you but does no damage.
You slash the mummy!
You destroy the mummy!
The sentinel's mark upon you fades away.
A hobgoblin zombie comes into view.
Menkaure, Prince of Dust comes into view.
A kobold zombie comes into view.
Menkaure gestures wildly while chanting.
Menkaure seems to speed up.
You slash the hobgoblin zombie!
You destroy the hobgoblin zombie!
Menkaure points at you and mumbles some strange words.
Pain shoots through your body!
Menkaure calls on the powers of darkness!
Your body is wracked with pain!
You hit Menkaure.
Menkaure is lightly damaged.
Menkaure calls on the powers of darkness!
Your body is wracked with pain!
* * * LOW HITPOINT WARNING * * *
A mummy comes into view.
You hit Menkaure.
Menkaure is moderately damaged.
Menkaure hits you but does no damage. Menkaure misses you.
You hit Menkaure. You headbutt Menkaure.
Menkaure is heavily damaged.
Menkaure hits you.
* * * LOW HITPOINT WARNING * * *
You hit Menkaure.
Menkaure is severely damaged.
Menkaure misses you. Menkaure hits you but does no damage.
You completely miss Menkaure. Your headbutt misses Menkaure.
Menkaure is severely damaged.
Menkaure hits you!
* * * LOW HITPOINT WARNING * * *
You hit Menkaure but do no damage.
Menkaure is severely damaged.
Menkaure whispers, "From dust you came, to dust you will return."
Menkaure hits you but does no damage. Menkaure hits you!!
You die...

##..##..##..####..##..##
##..##.^##..## ##..##..#
##..##..##..## ##..##..
##..##..##..## ##..##.
##..##..##..## ##..##
##..##..##..## ##..#
##..##.^##..## ##..
##..##..##..########## ##.
##..##..##.....@MZM.... ##
##..##..#########################
#..##............................
..###############################
.................................
#################################


You could see Menkaure (fast), a mummy and a kobold zombie.

Vanquished Creatures
  Eustachio (D:4)
  A phantom (D:4)
  A sleepcap (D:3)
  A hound (D:4)
  A jelly (D:3)
  2 iguanas (D:4)
  Natasha (thrice) (D:4)
  2 mummies
  4 gnolls (D:4)
  3 adders
  3 dart slugs
  6 orcs
  4 ball pythons
  4 bats
  5 endoplasms
  4 giant cockroaches (D:3)
  4 gnoll zombies (Ossuary)
  2 goblins
  9 hobgoblins
  7 jackals (D:2)
  5 quokkas
  4 gnoll skeletons (Ossuary)
  3 goblin skeletons (Ossuary)
  2 goblin zombies (Ossuary)
  3 hobgoblin skeletons (Ossuary)
  8 hobgoblin zombies (Ossuary)
  7 kobolds
  2 kobold skeletons (Ossuary)
  3 kobold zombies (Ossuary)
  5 orc skeletons (Ossuary)
  An orc zombie (Ossuary)
  8 rats
  5 rat skeletons (Ossuary)
  4 rat zombies (Ossuary)
127 creatures vanquished.

Notes
Turn   | Place    | Note
-------+----------+-------------------------------------------
     0 | D:1      | gelatine the Demonspawn Gladiator began the quest for the
                  | Orb.
     0 | D:1      | Reached XP level 1. HP: 16/16 MP: 1/1
   223 | D:1      | Reached skill level 3 in Axes
   223 | D:1      | Gained mutation: You are partially covered in thin metallic
                  | scales. (AC +2) [demonic ancestry]
   223 | D:1      | Reached XP level 2. HP: 8/22 MP: 2/2
   783 | D:1      | Reached XP level 3. HP: 22/27 MP: 3/3
  1341 | D:2      | Identified the +0 dagger "Nuemmugh" {flame, rN+ Int+6 Dex-4
                  | Stlth+}
  1384 | D:3      | Reached skill level 1 in Armour
  1474 | D:3      | Reached XP level 4. HP: 33/33 MP: 4/4
  1548 | D:3      | Reached skill level 4 in Axes
  1762 | D:3      | Gained mutation: Spells you cast may paralyse adjacent
                  | enemies. [demonic ancestry]
  1762 | D:3      | Reached XP level 5. HP: 36/39 MP: 5/5
  2269 | D:4      | Noticed Eustachio
  2310 | D:4      | Killed Eustachio
  2311 | D:4      | Reached skill level 5 in Axes
  2311 | D:4      | Reached XP level 6. HP: 46/46 MP: 6/6
  2315 | D:4      | Reached skill level 1 in Stealth
  2318 | D:4      | Noticed Natasha
  2329 | D:4      | Killed Natasha
  2346 | D:4      | Noticed Natasha
  2356 | D:4      | Killed Natasha
  2438 | D:4      | Reached skill level 1 in Spellcasting
  2466 | D:4      | Noticed Natasha
  2473 | D:4      | Killed Natasha
  2546 | D:4      | Found a staircase to the Ecumenical Temple.
  2556 | Temple   | Entered the Ecumenical Temple
  2817 | D:4      | Gained mutation: You have a pair of small horns on your
                  | head. [demonic ancestry]
  2817 | D:4      | Reached XP level 7. HP: 52/52 MP: 8/8
  3194 | D:5      | Entered Level 5 of the Dungeon
  3216 | D:5      | Found a sand-covered staircase.
  3227 | Ossuary  | Entered an ossuary
  3493 | Ossuary  | Noticed Menkaure
  3505 | Ossuary  | Mangled by Menkaure

Illustrated notes

Levels and vault maps discovered:
D:1:      lightli_iron_boxes, layout_basic, nicolae_houndstooth_variations
D:2:      layout_rooms
D:3:      layout_loops_ring, serial_rivers, chequers_serial_rivers_large_a,
          chequers_serial_rivers_micro_d, chequers_serial_rivers_micro_c,
          chequers_serial_rivers_micro_e, chequers_serial_rivers_micro_e,
          minmay_between
D:4:      layout_basic, minmay_temple_entry_gardened_gates, uniq_natasha,
          uniq_eustachio
D:5:      nicolae_cairo_tiling_large_dashed, layout_basic,
          amethyst_overflow_temple_binary, gup_ossuary_entry_pyramid,
          serial_shops, shop, minmay_misc_feat_tiny, minmay_statues_item,
          kennysheep_generic_room_11, uniq_prince_ribbit1
Temple:   nicolae_temple_bog_church
Ossuary:  ossuary_due_pyramid

Skill      XL: |  1  2  3  4  5  6 |
---------------+-------------------+-----
Axes           | 3 4 5 |  5.6
Dodging        | 3 |  3.5
Throwing       | 2 |  2.4
Armour         | 1 2 |  2.4
Stealth        | 1 |  1.7
Spellcasting   | 1 |  1.2
Fighting       | 3 |  3.1

Action                     |  1- 3 |  4- 6 |  7- 9 || total
---------------------------+-------+-------+-------++-------
  Melee: War axe           |   112 |   145 |    96 ||   353
         Punch             |     1 |       |       ||     1
         Headbutt          |       |       |    22 ||    22
  Throw: Stone             |    23 |     5 |     2 ||    30
         Javelin           |       |     8 |       ||     8
         Throwing net      |       |     1 |       ||     1
    Use: Potion            |       |     2 |       ||     2
   Stab: Sleeping          |     1 |       |       ||     1
 Armour: Leather armour    |    39 |       |       ||    39
         Ring mail         |    48 |   128 |    48 ||   224
  Dodge: Dodged            |    93 |    88 |    45 ||   226

Table legend: (Time is in decaauts)
 A = Elapsed time spent in this place.
 B = Non-inter-level travel time spent in this place.
 C = Inter-level travel time spent in this place.
 D = Time resting spent in this place.
 E = Time spent auto-exploring this place.
 F = Levels seen in this place.
 G = Mean time per level.
                   A        B        C        D        E       F      G
               +--------+--------+--------+--------+--------+-----+--------+
         Total |   3627 |   3476 |    151 |      0 |   2394 |   7 |  518.1 |
       Dungeon |   3301 |   3150 |    151 |      0 |   2320 |   5 |  660.2 |
        Temple |     29 |     29 |      0 |      0 |      0 |   1 |   29.0 |
       Ossuary |    296 |    296 |      0 |      0 |     74 |   1 |  296.0 |
               +--------+--------+--------+--------+--------+-----+--------+

Top non-repeatable levels by time:
     D:4: 931 daAuts
     D:3: 926 daAuts
     D:1: 899 daAuts
     D:2: 510 daAuts
 Ossuary: 296 daAuts
     D:5: 33 daAuts
  Temple: 29 daAuts
